Calgary Flames vs Toronto Maple Leafs

Created - Thursday, February 12, 2026 at 07:31

Goals
1 2 3 T
Calgary Flames 2 3 3 8
Toronto Maple Leafs 2 0 1 3
Shots
1 2 3 T
Calgary Flames 11 10 14 35
Toronto Maple Leafs 11 15 11 37

1st period

1. Calgary Flames , J.T. Miller 7 (Chris Kreider 7) at 6:48 (PP)
2. Toronto Maple Leafs , Brandon Saad 4 (Scott Laughton 8) at 7:23
3. Toronto Maple Leafs , Nicolas Roy 3 (Mackie Samoskevich 5, Eric Robinson 6) at 12:18
4. Calgary Flames , J.T. Miller 8 (Joel Eriksson Ek 3, Drew Doughty 4) at 16:04

Penalties :
Nicolas Roy (TOR) for Slashing (Minor) at 5:21, Rasmus Andersson (CGY) for Interference (Minor) at 9:49, Aaron Ekblad (TOR) for Interference (Minor) at 13:03

2nd period

5. Calgary Flames , Pavel Zacha 5 (Nick Paul 5) at 5:56
6. Calgary Flames , Nick Paul 2 (Drew Doughty 5, J.T. Miller 20) at 14:01 (PP)
7. Calgary Flames , Cale Makar 6 (Mark Jankowski 3, Evan Rodrigues 14) at 17:23 (PP)

Penalties :
Uvis Balinskis (CGY) for Holding Stick (Minor) at 9:41, Brady Tkachuk (TOR) for Boarding (Major) at 13:48

3rd period

8. Calgary Flames , Nick Paul 3 (Drew Doughty 6, Joel Eriksson Ek 4) at 1:23 (PP)
9. Calgary Flames , Zach Hyman 13 (Bo Horvat 17, Sebastian Aho 16) at 8:01
10. Toronto Maple Leafs , Scott Laughton 5 (Warren Foegele 12) at 9:33 (SH)
11. Calgary Flames , Nic Dowd 4 (Mathieu Joseph 3) at 19:50

Penalties :
Sam Bennett (TOR) for High sticking (Double Minor) at 0:50, Aaron Ekblad (TOR) for Hooking (Minor) at 5:52, Aaron Ekblad (TOR) for Slashing (Minor) at 9:11

Goalie Stats

Ilya Sorokin (CGY), 34 saves from 37 shots - (0.919), W, 9-1-5, 60:00 minutes
Frederik Andersen (TOR), 18 saves from 24 shots - (0.750), L, 6-4-2, 46:26 minutes
Matt Murray (TOR), 9 saves from 11 shots - (0.818), 13:34 minutes

Players Stats for Calgary Flames

Player Name              G  A  P  +/- PIM S  H  SB GA TA FO     MP     PP MP  PK MP  
------------------------------------------------------------------------------------
Bo Horvat                0  1  1   0  0   3  0  0  3  0  12/24  20:13   6:55   1:53 
Cale Makar               1  0  1   0  0   3  1  3  1  0  0/0    23:37   7:15   2:18 
Chris Kreider            0  1  1  -1  0   4  0  0  1  0  2/4    16:48   6:35   0:00 
Drew Doughty             0  3  3   2  0   2  2  1  0  1  0/0    22:00   7:20   1:52 
Evan Rodrigues           0  1  1  -1  0   1  1  0  0  0  1/1    13:42   1:25   0:00 
Filip Hronek             0  0  0  -2  0   1  0  0  2  0  0/0    13:38   0:00   0:00 
J.T. Miller              2  1  3  -1  0   3  2  0  0  0  17/24  18:50   6:35   2:05 
Jeremy Lauzon            0  0  0   2  0   0  1  2  1  0  0/0    14:55   0:20   1:40 
Joel Eriksson Ek         0  2  2   1  0   1  3  0  0  1  1/1    19:51   7:20   2:05 
Mark Jankowski           0  1  1   1  0   0  0  0  0  0  0/0    11:47   1:25   0:00 
Mathieu Joseph           0  1  1   1  0   0  0  2  1  2  0/0     9:32   0:00   0:00 
Nic Dowd                 1  0  1   1  0   2  1  0  0  0  1/3     9:32   0:00   0:00 
Nick Paul                2  1  3   0  0   3  1  0  3  0  0/0    15:30   6:35   0:00 
Pavel Zacha              1  0  1   1  0   3  3  1  0  0  3/6    11:41   1:25   0:00 
Rasmus Andersson         0  0  0  -3  2   1  0  1  0  0  0/0    23:31   7:15   0:53 
Sebastian Aho            0  1  1   0  0   3  2  0  1  0  1/2    20:14   6:55   1:53 
Uvis Balinskis           0  0  0   2  2   0  0  0  0  0  0/0    14:33   0:20   1:13 
Zach Hyman               1  0  1   2  0   5  0  1  1  0  0/0    16:06   6:55   0:00 

Players Stats for Toronto Maple Leafs

Player Name              G  A  P  +/- PIM S  H  SB GA TA FO     MP     PP MP  PK MP  
------------------------------------------------------------------------------------
Aaron Ekblad             0  0  0  -2  6   0  3  1  1  1  0/0    21:07   2:26   3:57 
Bowen Byram              0  0  0   0  0   1  2  2  0  1  0/0    19:44   2:26   3:04 
Brady Tkachuk            0  0  0   0  5   1  1  0  0  0  0/0    15:31   2:09   0:20 
Brandon Saad             1  0  1   0  0   2  1  0  0  0  0/2    10:42   0:06   1:04 
Cody Ceci                0  0  0  -2  0   1  0  2  0  3  0/0    19:53   0:00   7:47 
Eric Robinson            0  1  1  -1  0   2  0  0  0  0  0/0     8:13   0:06   0:00 
Lucas Carlsson           0  0  0  -1  0   1  0  0  0  0  0/0    14:08   1:32   0:27 
Mackie Samoskevich       0  1  1  -1  0   2  0  0  0  0  1/1     7:32   0:00   0:00 
Mario Ferraro            0  0  0   2  0   1  0  0  0  1  0/0    21:26   0:00   6:48 
Nicolas Roy              1  0  1  -2  2   5  2  0  0  0  2/6    13:30   0:00   5:49 
Quinton Byfield          0  0  0   0  0   5  0  0  0  0  1/2    12:26   1:43   0:00 
Ryan Hartman             0  0  0   0  0   1  1  0  0  2  0/0    10:01   0:06   0:12 
Ryan Pulock              0  0  0   0  0   2  1  2  0  2  0/0    24:46   1:32   7:47 
Sam Bennett              0  0  0   0  4   3  3  0  1  0  3/7    15:16   1:43   1:43 
Scott Laughton           1  1  2   1  0   3  0  0  0  1  8/13   16:47   0:00   7:11 
Troy Terry               0  0  0   0  0   1  0  0  0  0  1/1    13:32   2:09   0:00 
Warren Foegele           0  1  1   1  0   3  2  3  2  0  1/1    20:16   1:43   7:11 
Wyatt Johnston           0  0  0  -1  0   3  2  0  0  3  10/32  20:09   2:09   6:20 

3 Stars

1 - Nick Paul (CGY)
2 - J.T. Miller (CGY)
3 - Drew Doughty (CGY)

Power Play

Calgary Flames - 4 on 9 Attempt(s) - 44.44%
Toronto Maple Leafs - 0 on 2 Attempt(s) - 0.00%

Penalty Kill

Calgary Flames - 2 on 2 Attempt(s) - 100.00% - Score 0 goal in Penalty Kill
Toronto Maple Leafs - 5 on 9 Attempt(s) - 55.56% - Score 1 goal in Penalty Kill

Team Stat

Calgary Flames - Hits : 17 - Faceoff Wins : 38 - Blocked Shots : 11 - Penalty Minutes : 4
Toronto Maple Leafs - Hits : 18 - Faceoff Wins : 27 - Blocked Shots : 10 - Penalty Minutes : 17

Official

Referees : Furman South and Conor O'Donnell
Linesman : Bryan Pancich and Mark Shewchyk

Game Notes

Frederik Andersen is injured at 6:26 of 3rd period (Sprained Left Ankle)
Matt Murray enters game at 6:26 of 3rd period

Finance

Level 1 -- Attendance: 5303 (88.38%) -- Ticket Income $498,482
Level 2 -- Attendance: 4844 (96.88%) -- Ticket Income $261,576
Level 3 -- Attendance: 2679 (89.30%) -- Ticket Income $88,407
Level 4 -- Attendance: 4717 (94.34%) -- Ticket Income $99,057
Luxury Box -- Attendance: 972 (97.20%) -- Ticket Income $187,596
Game was played at the Air Canada Centre.
Total Attendance: 18515 (92.58%)
Total Ticket Income: $1,135,118
Other Income: $397,291
Total Income: $1,532,409

Calgary Flames

5 vs 5 Forward 
   Center                   Left Wing                Right Wing               Time % Phy DF OF 
 1 Bo Horvat                Sebastian Aho            Evan Rodrigues           32     0   2  3  
 2 J.T. Miller              Joel Eriksson Ek         Chris Kreider            32     0   1  4  
 3 Pavel Zacha              Nick Paul                Zach Hyman               25     1   2  2  
 4 Nic Dowd                 Mark Jankowski           Mathieu Joseph           11     1   2  2  

5 vs 5 Defense 
   Defense                  Defense                                           Time % Phy DF OF 
 1 Cale Makar               Drew Doughty                                      35     0   1  4  
 2 Filip Hronek             Rasmus Andersson                                  35     0   3  2  
 3 Jeremy Lauzon            Uvis Balinskis                                    30     0   5  0  
 4 Cale Makar               Rasmus Andersson                                  0      1   2  2  

PowerPlay Forward 
   Center                   Left Wing                Right Wing               Time % Phy DF OF 
 1 Bo Horvat                Sebastian Aho            Zach Hyman               50     0   0  5  
 2 J.T. Miller              Nick Paul                Chris Kreider            50     0   0  5  

PowerPlay Defense
   Defense                  Defense                                           Time % Phy DF OF 
 1 Cale Makar               Rasmus Andersson                                  50     0   0  5  
 2 Joel Eriksson Ek         Drew Doughty                                      50     0   1  4  

Penalty Kill 4 Players Forward 
   Center                   Wing                     Time % Phy DF OF 
 1 Bo Horvat                Sebastian Aho            50     0   4  1  
 2 J.T. Miller              Joel Eriksson Ek         50     0   5  0  

Penalty Kill 4 Players Defense
   Defense                  Defense                  Time % Phy DF OF 
 1 Cale Makar               Rasmus Andersson         50     0   4  1  
 2 Jeremy Lauzon            Drew Doughty             50     0   5  0  

Penalty Kill - 3 Players Forward 
   Forward                                           Time % Phy DF OF 
 1 Bo Horvat                                         50     0   5  0  
 2 Sebastian Aho                                     50     0   5  0  

Penalty Kill - 3 Players Defense
   Defense                  Defense                  Time % Phy DF OF 
 1 Cale Makar               Rasmus Andersson         50     0   5  0  
 2 Jeremy Lauzon            Drew Doughty             50     0   5  0  

4 vs 4 Forward 
   Center                   Wing                     Time % Phy DF OF 
 1 Bo Horvat                Sebastian Aho            50     0   2  3  
 2 J.T. Miller              Joel Eriksson Ek         50     0   2  3  

4 vs 4 Defense
   Defense                  Defense                  Time % Phy DF OF 
 1 Cale Makar               Rasmus Andersson         50     0   2  3  
 2 Jeremy Lauzon            Drew Doughty             50     0   3  2  

Last Minutes Offensive
   Center                   Left Wing                Right Wing               Defense                  Defense                  
   Bo Horvat                Sebastian Aho            Evan Rodrigues           Cale Makar               Rasmus Andersson         

Last Minutes Defensive
   Center                   Left Wing                Right Wing               Defense                  Defense                  
   Bo Horvat                Sebastian Aho            Evan Rodrigues           Cale Makar               Rasmus Andersson         

Goaltenders
Starting : Ilya Sorokin             
Backup : Anton Forsberg           

Extra Forwards
Normal : Evan Rodrigues, Pavel Zacha, Nick Paul - PP : Evan Rodrigues, Pavel Zacha - PK : Nick Paul
Extra Defensemen
Normal : Jeremy Lauzon, Rasmus Andersson, Cale Makar - PP : Jeremy Lauzon - PK : Rasmus Andersson, Cale Makar
Penalty Shots
Bo Horvat, Sebastian Aho, J.T. Miller, Cale Makar, Zach Hyman

Scratches
Alec Martinez (Healthy), Ben Meyers (Healthy)

Toronto Maple Leafs

5 vs 5 Forward 
   Center                   Left Wing                Right Wing               Time % Phy DF OF 
 1 Wyatt Johnston           Brady Tkachuk            Troy Terry               30     1   2  2  
 2 Sam Bennett              Quinton Byfield          Warren Foegele           30     1   2  2  
 3 Scott Laughton           Brandon Saad             Ryan Hartman             25     1   2  2  
 4 Nicolas Roy              Eric Robinson            Mackie Samoskevich       15     1   3  1  

5 vs 5 Defense 
   Defense                  Defense                                           Time % Phy DF OF 
 1 Ryan Pulock              Mario Ferraro                                     35     1   2  2  
 2 Aaron Ekblad             Bowen Byram                                       35     1   2  2  
 3 Cody Ceci                Lucas Carlsson                                    30     1   2  2  
 4 Ryan Pulock              Mario Ferraro                                     0      1   2  2  

PowerPlay Forward 
   Center                   Left Wing                Right Wing               Time % Phy DF OF 
 1 Wyatt Johnston           Brady Tkachuk            Troy Terry               50     1   2  2  
 2 Sam Bennett              Quinton Byfield          Warren Foegele           50     1   2  2  

PowerPlay Defense
   Defense                  Defense                                           Time % Phy DF OF 
 1 Aaron Ekblad             Bowen Byram                                       50     1   2  2  
 2 Ryan Pulock              Lucas Carlsson                                    50     1   2  2  

Penalty Kill 4 Players Forward 
   Center                   Wing                     Time % Phy DF OF 
 1 Scott Laughton           Warren Foegele           50     1   2  2  
 2 Wyatt Johnston           Nicolas Roy              50     1   2  2  

Penalty Kill 4 Players Defense
   Defense                  Defense                  Time % Phy DF OF 
 1 Mario Ferraro            Aaron Ekblad             50     1   2  2  
 2 Ryan Pulock              Cody Ceci                50     1   2  2  

Penalty Kill - 3 Players Forward 
   Forward                                           Time % Phy DF OF 
 1 Scott Laughton                                    50     1   2  2  
 2 Wyatt Johnston                                    50     1   2  2  

Penalty Kill - 3 Players Defense
   Defense                  Defense                  Time % Phy DF OF 
 1 Mario Ferraro            Aaron Ekblad             50     1   2  2  
 2 Ryan Pulock              Cody Ceci                50     1   2  2  

4 vs 4 Forward 
   Center                   Wing                     Time % Phy DF OF 
 1 Wyatt Johnston           Brady Tkachuk            50     1   2  2  
 2 Sam Bennett              Quinton Byfield          50     1   2  2  

4 vs 4 Defense
   Defense                  Defense                  Time % Phy DF OF 
 1 Aaron Ekblad             Bowen Byram              50     1   2  2  
 2 Ryan Pulock              Mario Ferraro            50     1   2  2  

Last Minutes Offensive
   Center                   Left Wing                Right Wing               Defense                  Defense                  
   Wyatt Johnston           Brady Tkachuk            Troy Terry               Aaron Ekblad             Bowen Byram              

Last Minutes Defensive
   Center                   Left Wing                Right Wing               Defense                  Defense                  
   Wyatt Johnston           Scott Laughton           Warren Foegele           Ryan Pulock              Mario Ferraro            

Goaltenders
Starting : Frederik Andersen        
Backup : Matt Murray              

Extra Forwards
Normal : Ryan Hartman, Eric Robinson, Mackie Samoskevich - PP : Brandon Saad, Ryan Hartman - PK : Sam Bennett
Extra Defensemen
Normal : Lucas Carlsson, Cody Ceci, Bowen Byram - PP : Mario Ferraro - PK : Bowen Byram, Lucas Carlsson
Penalty Shots
Troy Terry, Quinton Byfield, Wyatt Johnston, Nicolas Roy, Brady Tkachuk

Scratches
Nick Bjugstad (Healthy), Sam Malinski (Left Hand Injury), Brendan Brisson (Healthy), Lassi Thomson (Healthy), Joonas Korpisalo (Healthy)

% Time on Ice - Calgary Flames

Lines # - Real PCT - Wanted PCT - Time Play
Normal Forward
1 - 28% - 32% - 11:25
2 - 27% - 32% - 11:00
3 - 22% - 25% - 9:10
4 - 23% - 11% - 9:32
Normal Defense
1 - 34% - 35% - 14:04
2 - 34% - 35% - 14:08
3 - 31% - 30% - 12:55
4 - 0% - 0% - 0:00
PP Forward
1 - 56% - 50% - 8:18
2 - 44% - 50% - 6:37
PP Defense
1 - 49% - 50% - 7:15
2 - 51% - 50% - 7:40
PK Forward
1 - 47% - 50% - 1:53
2 - 53% - 50% - 2:05
PK Defense
1 - 58% - 50% - 2:18
2 - 42% - 50% - 1:40
PK3 Forward
1 - 0% - 50%
2 - 0% - 50%
PK3 Defense
1 - 0% - 50%
2 - 0% - 50%
44 Forward
1 - 0% - 50%
2 - 0% - 50%
44 Defense
1 - 0% - 50%
2 - 0% - 50%
Last Minute Offensive  - 0:00
Last Minute Defensive  - 0:00
Total
Forward - 60:00
Defense - 60:00

% Time on Ice - Toronto Maple Leafs

Lines # - Real PCT - Wanted PCT - Time Play
Normal Forward
1 - 30% - 30% - 12:13
2 - 29% - 30% - 12:06
3 - 23% - 25% - 9:16
4 - 18% - 15% - 7:32
Normal Defense
1 - 35% - 35% - 14:24
2 - 36% - 35% - 14:51
3 - 29% - 30% - 11:52
4 - 0% - 0% - 0:00
PP Forward
1 - 54% - 50% - 2:09
2 - 46% - 50% - 1:49
PP Defense
1 - 61% - 50% - 2:26
2 - 39% - 50% - 1:32
PK Forward
1 - 49% - 50% - 7:23
2 - 51% - 50% - 7:32
PK Defense
1 - 48% - 50% - 7:08
2 - 52% - 50% - 7:47
PK3 Forward
1 - 0% - 50%
2 - 0% - 50%
PK3 Defense
1 - 0% - 50%
2 - 0% - 50%
44 Forward
1 - 0% - 50%
2 - 0% - 50%
44 Defense
1 - 0% - 50%
2 - 0% - 50%
Last Minute Offensive  - 0:00
Last Minute Defensive  - 0:00
Total
Forward - 60:00
Defense - 60:00

Play-by-Play

1st period


0:01 of 1st period - Bo Horvat wins face-off versus Wyatt Johnston in neutral zone.
0:14 of 1st period - Slapshot by Sebastian Aho.
0:14 of 1st period - Stopped by Frederik Andersen with a rebound.
1:12 of 1st period - Wrist shot by Mackie Samoskevich.
1:12 of 1st period - Shot Misses the Net.
1:52 of 1st period - Snap shot by Quinton Byfield.
1:52 of 1st period - Stopped by Ilya Sorokin with a rebound.
2:16 of 1st period - Slapshot by Zach Hyman.
2:16 of 1st period - Shot Blocked by Cody Ceci.
3:27 of 1st period - Wrist shot by Nic Dowd.
3:27 of 1st period - Stopped by Frederik Andersen with a rebound.
3:35 of 1st period - Wrist shot by Nic Dowd.
3:35 of 1st period - Shot Misses the Net.
4:03 of 1st period - Snap shot by Mark Jankowski.
4:03 of 1st period - Shot Blocked by Warren Foegele.
4:19 of 1st period - Wrist shot by Nic Dowd.
4:19 of 1st period - Deflect By Mathieu Joseph.
4:19 of 1st period - Shot Misses the Net.
4:19 of 1st period - Puck is out of play.
4:20 of 1st period - Scott Laughton wins face-off versus J.T. Miller in Toronto Maple Leafs zone.
4:31 of 1st period - Snap shot by Chris Kreider.
4:31 of 1st period - Stopped by Frederik Andersen without a rebound.
4:32 of 1st period - Wyatt Johnston wins face-off versus Bo Horvat in Toronto Maple Leafs zone.
4:37 of 1st period - Drew Doughty is hit by Wyatt Johnston and loses puck.
5:08 of 1st period - Wrist shot by Chris Kreider.
5:08 of 1st period - Stopped by Frederik Andersen with a rebound.
5:21 of 1st period - Minor Penalty to Nicolas Roy for Slashing.
5:22 of 1st period - Bo Horvat wins face-off versus Scott Laughton in Toronto Maple Leafs zone.
5:55 of 1st period - Cody Ceci is hit by Cale Makar and loses puck.
6:03 of 1st period - Wrist shot by Zach Hyman.
6:03 of 1st period - Shot Misses the Net.
6:05 of 1st period - Snap shot by Rasmus Andersson.
6:05 of 1st period - Shot Blocked by Warren Foegele.
6:07 of 1st period - Slapshot by Rasmus Andersson.
6:07 of 1st period - Shot Misses the Net.
6:09 of 1st period - Wrist shot by Bo Horvat.
6:09 of 1st period - Shot Misses the Net.
6:23 of 1st period - Slapshot by Zach Hyman.
6:23 of 1st period - Shot Blocked by Ryan Pulock.
6:25 of 1st period - Slapshot by Rasmus Andersson.
6:25 of 1st period - Shot Blocked by Warren Foegele.
6:27 of 1st period - Backhand shot by Cale Makar.
6:27 of 1st period - Stopped by Frederik Andersen with a rebound.
6:29 of 1st period - Wrist shot by Zach Hyman.
6:29 of 1st period - Stopped by Frederik Andersen with a rebound.
6:31 of 1st period - Snap shot by Sebastian Aho.
6:31 of 1st period - Shot Misses the Net.
6:33 of 1st period - Slapshot by Cale Makar.
6:33 of 1st period - Shot Misses the Net.
6:35 of 1st period - Slapshot by Cale Makar.
6:35 of 1st period - Deflect By Bo Horvat.
6:35 of 1st period - Deflect By Warren Foegele.
6:35 of 1st period - Stopped by Frederik Andersen without a rebound.
6:36 of 1st period - J.T. Miller wins face-off versus Sam Bennett in Toronto Maple Leafs zone.
6:37 of 1st period - Snap shot by Nick Paul.
6:37 of 1st period - Stopped by Frederik Andersen without a rebound.
6:38 of 1st period - Wyatt Johnston wins face-off versus J.T. Miller in Toronto Maple Leafs zone.
6:38 of 1st period - Wyatt Johnston is hit by Drew Doughty.
6:48 of 1st period - Snap shot by J.T. Miller.
6:48 of 1st period - Goal by J.T. Miller - Calgary Flames : 1 - Toronto Maple Leafs : 0.
6:49 of 1st period - J.T. Miller wins face-off versus Wyatt Johnston in neutral zone.
6:54 of 1st period - Slapshot by Chris Kreider.
6:54 of 1st period - Shot Misses the Net.
7:23 of 1st period - Snap shot by Brandon Saad.
7:23 of 1st period - Goal by Brandon Saad - Calgary Flames : 1 - Toronto Maple Leafs : 1.
7:24 of 1st period - Troy Terry wins face-off versus Pavel Zacha in neutral zone.
7:41 of 1st period - Snap shot by Pavel Zacha.
7:41 of 1st period - Deflect By Nick Paul.
7:41 of 1st period - Shot Misses the Net.
7:41 of 1st period - Puck is out of play.
7:42 of 1st period - Bo Horvat wins face-off versus Sam Bennett in Toronto Maple Leafs zone.
7:57 of 1st period - Wrist shot by Sam Bennett.
7:57 of 1st period - Stopped by Ilya Sorokin without a rebound.
7:58 of 1st period - J.T. Miller wins face-off versus Nicolas Roy in Calgary Flames zone.
8:03 of 1st period - Slapshot by J.T. Miller.
8:03 of 1st period - Shot Blocked by Aaron Ekblad.
8:23 of 1st period - Joel Eriksson Ek is hit by Wyatt Johnston and loses puck.
8:32 of 1st period - Snap shot by Wyatt Johnston.
8:32 of 1st period - Stopped by Ilya Sorokin without a rebound.
8:33 of 1st period - Scott Laughton wins face-off versus Sebastian Aho in Calgary Flames zone.
8:42 of 1st period - Mario Ferraro is hit by Evan Rodrigues and loses puck.
9:03 of 1st period - Slapshot by Zach Hyman.
9:03 of 1st period - Shot Misses the Net.
9:15 of 1st period - Nic Dowd is hit by Ryan Hartman and loses puck.
9:26 of 1st period - Snap shot by Brandon Saad.
9:26 of 1st period - Shot Misses the Net.
9:38 of 1st period - Wrist shot by Ryan Hartman.
9:38 of 1st period - Stopped by Ilya Sorokin with a rebound.
9:40 of 1st period - Wrist shot by Scott Laughton.
9:40 of 1st period - Shot Misses the Net.
9:42 of 1st period - Slapshot by Ryan Pulock.
9:42 of 1st period - Shot Blocked by Mathieu Joseph.
9:44 of 1st period - Snap shot by Scott Laughton.
9:44 of 1st period - Stopped by Ilya Sorokin without a rebound.
9:45 of 1st period - Warren Foegele wins face-off versus Bo Horvat in Calgary Flames zone.
9:49 of 1st period - Minor Penalty to Rasmus Andersson for Interference.
9:50 of 1st period - Wyatt Johnston wins face-off versus Bo Horvat in Calgary Flames zone.
10:15 of 1st period - Troy Terry is hit by J.T. Miller and loses puck.
11:02 of 1st period - Snap shot by Wyatt Johnston.
11:02 of 1st period - Deflect By Brady Tkachuk.
11:02 of 1st period - Shot Misses the Net.
11:02 of 1st period - Puck is out of play.
11:03 of 1st period - Bo Horvat wins face-off versus Sam Bennett in Calgary Flames zone.
11:48 of 1st period - Wrist shot by Brandon Saad.
11:48 of 1st period - Deflect By Joel Eriksson Ek.
11:48 of 1st period - Shot Blocked by Drew Doughty.
11:48 of 1st period - Puck is out of play.
11:49 of 1st period - Penalty to Rasmus Andersson is over, Rasmus Andersson is back on ice.
11:49 of 1st period - Pavel Zacha wins face-off versus Brandon Saad in Calgary Flames zone.
12:04 of 1st period - Wrist shot by Brandon Saad.
12:04 of 1st period - Stopped by Ilya Sorokin without a rebound.
12:05 of 1st period - Nicolas Roy wins face-off versus Chris Kreider in Calgary Flames zone.
12:12 of 1st period - Wrist shot by Nicolas Roy.
12:12 of 1st period - Stopped by Ilya Sorokin with a rebound.
12:14 of 1st period - Wrist shot by Eric Robinson.
12:14 of 1st period - Stopped by Ilya Sorokin with a rebound.
12:16 of 1st period - Wrist shot by Mackie Samoskevich.
12:16 of 1st period - Shot Blocked by Rasmus Andersson.
12:18 of 1st period - Snap shot by Nicolas Roy.
12:18 of 1st period - Goal by Nicolas Roy - Calgary Flames : 1 - Toronto Maple Leafs : 2.
12:19 of 1st period - Bo Horvat wins face-off versus Wyatt Johnston in neutral zone.
12:46 of 1st period - Cale Makar is hit by Sam Bennett and loses puck.
13:03 of 1st period - Minor Penalty to Aaron Ekblad for Interference.
13:04 of 1st period - J.T. Miller wins face-off versus Wyatt Johnston in Toronto Maple Leafs zone.
15:03 of 1st period - Penalty to Aaron Ekblad is over, Aaron Ekblad is back on ice.
15:26 of 1st period - Jeremy Lauzon is hit by Aaron Ekblad and loses puck.
15:52 of 1st period - Slapshot by Evan Rodrigues.
15:52 of 1st period - Stopped by Frederik Andersen without a rebound.
15:53 of 1st period - Mackie Samoskevich wins face-off versus J.T. Miller in Toronto Maple Leafs zone.
16:04 of 1st period - Wrist shot by J.T. Miller.
16:04 of 1st period - Goal by J.T. Miller - Calgary Flames : 2 - Toronto Maple Leafs : 2.
16:05 of 1st period - Bo Horvat wins face-off versus Scott Laughton in neutral zone.
16:32 of 1st period - Bowen Byram is hit by Nick Paul and loses puck.
17:01 of 1st period - Bowen Byram is hit by Joel Eriksson Ek.
17:28 of 1st period - Wrist shot by Eric Robinson.
17:28 of 1st period - Shot Misses the Net.
17:30 of 1st period - Slapshot by Aaron Ekblad.
17:30 of 1st period - Deflect By Nicolas Roy.
17:30 of 1st period - Stopped by Ilya Sorokin without a rebound.
17:31 of 1st period - Pavel Zacha wins face-off versus Wyatt Johnston in Calgary Flames zone.
18:08 of 1st period - Slapshot by Brandon Saad.
18:08 of 1st period - Shot Blocked by Cale Makar.
19:05 of 1st period - Snap shot by Wyatt Johnston.
19:05 of 1st period - Shot Blocked by Pavel Zacha.
19:39 of 1st period - Bo Horvat is hit by Bowen Byram and loses puck.
19:58 of 1st period - Sebastian Aho is hit by Ryan Pulock and loses puck.
Goals for this period are 2 for Calgary Flames vs 2 for Toronto Maple Leafs.
Shots for this period are 11 for Calgary Flames vs 11 for Toronto Maple Leafs.

2nd period


0:01 of 2nd period - Wyatt Johnston wins face-off versus Bo Horvat in neutral zone.
0:10 of 2nd period - Slapshot by Wyatt Johnston.
0:10 of 2nd period - Stopped by Ilya Sorokin without a rebound.
0:11 of 2nd period - Pavel Zacha wins face-off versus Wyatt Johnston in Calgary Flames zone.
0:38 of 2nd period - Quinton Byfield is hit by Sebastian Aho and loses puck.
1:03 of 2nd period - Wrist shot by Scott Laughton.
1:03 of 2nd period - Shot Misses the Net.
2:04 of 2nd period - Off-side.
2:05 of 2nd period - Sam Bennett wins face-off versus Bo Horvat in neutral zone.
2:29 of 2nd period - Icing by Cody Ceci.
2:30 of 2nd period - J.T. Miller wins face-off versus Quinton Byfield in Toronto Maple Leafs zone.
2:51 of 2nd period - Wrist shot by Sam Bennett.
2:51 of 2nd period - Stopped by Ilya Sorokin with a rebound.
2:53 of 2nd period - Slapshot by Warren Foegele.
2:53 of 2nd period - Stopped by Ilya Sorokin with a rebound.
2:55 of 2nd period - Snap shot by Quinton Byfield.
2:55 of 2nd period - Stopped by Ilya Sorokin with a rebound.
3:01 of 2nd period - Snap shot by Warren Foegele.
3:01 of 2nd period - Shot Misses the Net.
3:03 of 2nd period - Slapshot by Warren Foegele.
3:03 of 2nd period - Deflect By Quinton Byfield.
3:03 of 2nd period - Stopped by Ilya Sorokin with a rebound.
3:05 of 2nd period - Slapshot by Cody Ceci.
3:05 of 2nd period - Shot Misses the Net.
3:07 of 2nd period - Slapshot by Cody Ceci.
3:07 of 2nd period - Stopped by Ilya Sorokin with a rebound.
3:09 of 2nd period - Slapshot by Lucas Carlsson.
3:09 of 2nd period - Stopped by Ilya Sorokin with a rebound.
3:11 of 2nd period - Slapshot by Quinton Byfield.
3:11 of 2nd period - Deflect By Warren Foegele.
3:11 of 2nd period - Shot Blocked by Jeremy Lauzon.
3:11 of 2nd period - Puck is out of play.
3:12 of 2nd period - Wyatt Johnston wins face-off versus Bo Horvat in Calgary Flames zone.
3:19 of 2nd period - Snap shot by Troy Terry.
3:19 of 2nd period - Shot Misses the Net.
3:41 of 2nd period - Snap shot by Brandon Saad.
3:41 of 2nd period - Shot Blocked by Zach Hyman.
3:43 of 2nd period - Snap shot by Brandon Saad.
3:43 of 2nd period - Shot Hit the Post.
4:03 of 2nd period - Backhand shot by Nic Dowd.
4:03 of 2nd period - Shot Misses the Net.
4:55 of 2nd period - Wrist shot by Rasmus Andersson.
4:55 of 2nd period - Stopped by Frederik Andersen without a rebound.
4:56 of 2nd period - Scott Laughton wins face-off versus Pavel Zacha in Toronto Maple Leafs zone.
4:56 of 2nd period - Scott Laughton is hit by Pavel Zacha.
5:56 of 2nd period - Wrist shot by Pavel Zacha.
5:56 of 2nd period - Goal by Pavel Zacha - Calgary Flames : 3 - Toronto Maple Leafs : 2.
5:57 of 2nd period - Wyatt Johnston wins face-off versus Bo Horvat in neutral zone.
6:07 of 2nd period - Snap shot by Brady Tkachuk.
6:07 of 2nd period - Shot Misses the Net.
6:24 of 2nd period - Off-side.
6:25 of 2nd period - Sam Bennett wins face-off versus J.T. Miller in neutral zone.
6:28 of 2nd period - Snap shot by Quinton Byfield.
6:28 of 2nd period - Shot Blocked by Jeremy Lauzon.
6:30 of 2nd period - Snap shot by Quinton Byfield.
6:30 of 2nd period - Deflect By Sam Bennett.
6:30 of 2nd period - Shot Misses the Net.
6:30 of 2nd period - Puck is out of play.
6:31 of 2nd period - Wyatt Johnston wins face-off versus Bo Horvat in Calgary Flames zone.
6:32 of 2nd period - Snap shot by Troy Terry.
6:32 of 2nd period - Stopped by Ilya Sorokin with a rebound.
7:26 of 2nd period - Wrist shot by Warren Foegele.
7:26 of 2nd period - Stopped by Ilya Sorokin without a rebound.
7:27 of 2nd period - Joel Eriksson Ek wins face-off versus Nicolas Roy in Calgary Flames zone.
7:38 of 2nd period - Snap shot by Nicolas Roy.
7:38 of 2nd period - Stopped by Ilya Sorokin without a rebound.
7:39 of 2nd period - Bo Horvat wins face-off versus Wyatt Johnston in Calgary Flames zone.
7:41 of 2nd period - Icing by Evan Rodrigues.
7:42 of 2nd period - Sebastian Aho wins face-off versus Wyatt Johnston in Calgary Flames zone.
8:31 of 2nd period - Wrist shot by Pavel Zacha.
8:31 of 2nd period - Stopped by Frederik Andersen without a rebound.
8:32 of 2nd period - Quinton Byfield wins face-off versus Pavel Zacha in Toronto Maple Leafs zone.
8:39 of 2nd period - Pavel Zacha is hit by Warren Foegele and loses puck.
9:12 of 2nd period - Slapshot by Zach Hyman.
9:12 of 2nd period - Stopped by Frederik Andersen with a rebound.
9:22 of 2nd period - Wrist shot by Zach Hyman.
9:22 of 2nd period - Stopped by Frederik Andersen without a rebound.
9:23 of 2nd period - Bo Horvat wins face-off versus Wyatt Johnston in Toronto Maple Leafs zone.
9:28 of 2nd period - Snap shot by Sebastian Aho.
9:28 of 2nd period - Stopped by Frederik Andersen without a rebound.
9:29 of 2nd period - Bo Horvat wins face-off versus Wyatt Johnston in Toronto Maple Leafs zone.
9:41 of 2nd period - Minor Penalty to Uvis Balinskis for Holding Stick.
9:42 of 2nd period - Sam Bennett wins face-off versus Bo Horvat in Calgary Flames zone.
9:58 of 2nd period - Wrist shot by Sam Bennett.
9:58 of 2nd period - Stopped by Ilya Sorokin with a rebound.
11:41 of 2nd period - Penalty to Uvis Balinskis is over, Uvis Balinskis is back on ice.
12:02 of 2nd period - Slapshot by Scott Laughton.
12:02 of 2nd period - Shot Misses the Net.
12:14 of 2nd period - Wrist shot by Eric Robinson.
12:14 of 2nd period - Stopped by Ilya Sorokin without a rebound.
12:15 of 2nd period - Nic Dowd wins face-off versus Nicolas Roy in Calgary Flames zone.
12:41 of 2nd period - Uvis Balinskis is hit by Nicolas Roy and loses puck.
13:00 of 2nd period - Nicolas Roy is hit by Jeremy Lauzon and loses puck.
13:07 of 2nd period - Mark Jankowski is hit by Nicolas Roy and loses puck.
13:20 of 2nd period - Wrist shot by Mackie Samoskevich.
13:20 of 2nd period - Stopped by Ilya Sorokin without a rebound.
13:21 of 2nd period - Wyatt Johnston wins face-off versus J.T. Miller in Calgary Flames zone.
13:22 of 2nd period - Wrist shot by Troy Terry.
13:22 of 2nd period - Shot Misses the Net.
13:29 of 2nd period - Off-side.
13:30 of 2nd period - Chris Kreider wins face-off versus Wyatt Johnston in neutral zone.
13:39 of 2nd period - Snap shot by J.T. Miller.
13:39 of 2nd period - Stopped by Frederik Andersen without a rebound.
13:40 of 2nd period - J.T. Miller wins face-off versus Wyatt Johnston in Toronto Maple Leafs zone.
13:48 of 2nd period - Major Penalty to Brady Tkachuk for Boarding.
13:49 of 2nd period - J.T. Miller wins face-off versus Wyatt Johnston in Toronto Maple Leafs zone.
13:49 of 2nd period - Snap shot by Nick Paul.
13:49 of 2nd period - Shot Misses the Net.
13:53 of 2nd period - Wrist shot by J.T. Miller.
13:53 of 2nd period - Shot Blocked by Ryan Pulock.
13:55 of 2nd period - Slapshot by Chris Kreider.
13:55 of 2nd period - Stopped by Frederik Andersen without a rebound.
13:56 of 2nd period - J.T. Miller wins face-off versus Wyatt Johnston in Toronto Maple Leafs zone.
13:57 of 2nd period - Snap shot by Nick Paul.
13:57 of 2nd period - Shot Misses the Net.
13:59 of 2nd period - Snap shot by Drew Doughty.
13:59 of 2nd period - Shot Misses the Net.
14:01 of 2nd period - Wrist shot by Nick Paul.
14:01 of 2nd period - Goal by Nick Paul - Calgary Flames : 4 - Toronto Maple Leafs : 2.
14:02 of 2nd period - J.T. Miller wins face-off versus Wyatt Johnston in neutral zone.
14:47 of 2nd period - Slapshot by Aaron Ekblad.
14:47 of 2nd period - Shot Misses the Net.
16:26 of 2nd period - Cale Makar is hit by Sam Bennett and loses puck.
17:13 of 2nd period - Wrist shot by Cale Makar.
17:13 of 2nd period - Shot Misses the Net.
17:19 of 2nd period - Slapshot by Cale Makar.
17:19 of 2nd period - Shot Misses the Net.
17:21 of 2nd period - Snap shot by Mark Jankowski.
17:21 of 2nd period - Shot Misses the Net.
17:23 of 2nd period - Slapshot by Cale Makar.
17:23 of 2nd period - Goal by Cale Makar - Calgary Flames : 5 - Toronto Maple Leafs : 2.
17:24 of 2nd period - Scott Laughton wins face-off versus J.T. Miller in neutral zone.
17:31 of 2nd period - Wrist shot by J.T. Miller.
17:31 of 2nd period - Shot Misses the Net.
17:56 of 2nd period - Wyatt Johnston is hit by Joel Eriksson Ek.
18:11 of 2nd period - Chris Kreider is hit by Warren Foegele and loses puck.
18:48 of 2nd period - Penalty to Brady Tkachuk is over, Brady Tkachuk is back on ice.
19:02 of 2nd period - Snap shot by Warren Foegele.
19:02 of 2nd period - Stopped by Ilya Sorokin with a rebound.
19:20 of 2nd period - Slapshot by Brady Tkachuk.
19:20 of 2nd period - Stopped by Ilya Sorokin with a rebound.
19:22 of 2nd period - Slapshot by Warren Foegele.
19:22 of 2nd period - Shot Blocked by Cale Makar.
19:24 of 2nd period - Snap shot by Warren Foegele.
19:24 of 2nd period - Shot Blocked by Mathieu Joseph.
19:26 of 2nd period - Slapshot by Ryan Pulock.
19:26 of 2nd period - Deflect By Brady Tkachuk.
19:26 of 2nd period - Shot Misses the Net.
19:26 of 2nd period - Puck is out of play.
19:27 of 2nd period - Bo Horvat wins face-off versus Nicolas Roy in Calgary Flames zone.
Goals for this period are 3 for Calgary Flames vs 0 for Toronto Maple Leafs.
Shots for this period are 10 for Calgary Flames vs 15 for Toronto Maple Leafs.

3rd period


0:01 of 3rd period - Evan Rodrigues wins face-off versus Wyatt Johnston in neutral zone.
0:03 of 3rd period - Off-side.
0:04 of 3rd period - Bo Horvat wins face-off versus Wyatt Johnston in neutral zone.
0:31 of 3rd period - Mario Ferraro is hit by J.T. Miller.
0:35 of 3rd period - Wrist shot by J.T. Miller.
0:35 of 3rd period - Deflect By Chris Kreider.
0:35 of 3rd period - Shot Misses the Net.
0:35 of 3rd period - Puck is out of play.
0:36 of 3rd period - J.T. Miller wins face-off versus Sam Bennett in Toronto Maple Leafs zone.
0:50 of 3rd period - Double Minor Penalty to Sam Bennett for High sticking.
0:51 of 3rd period - Scott Laughton wins face-off versus J.T. Miller in Toronto Maple Leafs zone.
1:21 of 3rd period - Slapshot by Drew Doughty.
1:21 of 3rd period - Stopped by Frederik Andersen with a rebound.
1:23 of 3rd period - Snap shot by Nick Paul.
1:23 of 3rd period - Goal by Nick Paul - Calgary Flames : 6 - Toronto Maple Leafs : 2.
1:24 of 3rd period - Scott Laughton wins face-off versus Bo Horvat in neutral zone.
1:33 of 3rd period - Snap shot by Warren Foegele.
1:33 of 3rd period - Shot Misses the Net.
1:41 of 3rd period - Scott Laughton is hit by Joel Eriksson Ek and loses puck.
3:23 of 3rd period - Penalty to Sam Bennett is over, Sam Bennett is back on ice.
4:28 of 3rd period - Wrist shot by Mackie Samoskevich.
4:28 of 3rd period - Stopped by Ilya Sorokin with a rebound.
4:30 of 3rd period - Snap shot by Bowen Byram.
4:30 of 3rd period - Stopped by Ilya Sorokin with a rebound.
5:04 of 3rd period - J.T. Miller is hit by Brady Tkachuk and loses puck.
5:34 of 3rd period - Cale Makar is hit by Sam Bennett.
5:52 of 3rd period - Minor Penalty to Aaron Ekblad for Hooking.
5:53 of 3rd period - J.T. Miller wins face-off versus Scott Laughton in Toronto Maple Leafs zone.
5:56 of 3rd period - Snap shot by Chris Kreider.
5:56 of 3rd period - Stopped by Frederik Andersen with a rebound.
6:24 of 3rd period - Snap shot by Sebastian Aho.
6:24 of 3rd period - Shot Blocked by Bowen Byram.
6:26 of 3rd period - Slapshot by Zach Hyman.
6:26 of 3rd period - Deflect By Sebastian Aho.
6:26 of 3rd period - Shot Misses the Net.
6:26 of 3rd period - Puck is out of play.
6:26 of 3rd period - Frederik Andersen from Toronto Maple Leafs is injured at 6:26 of 3rd period (Sprained Left Ankle).
6:26 of 3rd period - Matt Murray enters game.
6:27 of 3rd period - J.T. Miller wins face-off versus Scott Laughton in Toronto Maple Leafs zone.
7:17 of 3rd period - Bo Horvat is hit by Bowen Byram and loses puck.
7:50 of 3rd period - Wyatt Johnston is hit by Drew Doughty and loses puck.
7:52 of 3rd period - Penalty to Aaron Ekblad is over, Aaron Ekblad is back on ice.
7:55 of 3rd period - Snap shot by Bo Horvat.
7:55 of 3rd period - Stopped by Matt Murray with a rebound.
7:59 of 3rd period - Snap shot by Bo Horvat.
7:59 of 3rd period - Stopped by Matt Murray with a rebound.
8:01 of 3rd period - Snap shot by Zach Hyman.
8:01 of 3rd period - Goal by Zach Hyman - Calgary Flames : 7 - Toronto Maple Leafs : 2.
8:02 of 3rd period - J.T. Miller wins face-off versus Brandon Saad in neutral zone.
8:13 of 3rd period - Wrist shot by J.T. Miller.
8:13 of 3rd period - Shot Misses the Net.
9:11 of 3rd period - Minor Penalty to Aaron Ekblad for Slashing.
9:12 of 3rd period - Scott Laughton wins face-off versus Chris Kreider in Toronto Maple Leafs zone.
9:17 of 3rd period - Wrist shot by Warren Foegele.
9:17 of 3rd period - Shot Misses the Net.
9:19 of 3rd period - Wrist shot by Ryan Pulock.
9:19 of 3rd period - Stopped by Ilya Sorokin with a rebound.
9:21 of 3rd period - Snap shot by Scott Laughton.
9:21 of 3rd period - Shot Misses the Net.
9:23 of 3rd period - Snap shot by Scott Laughton.
9:23 of 3rd period - Stopped by Ilya Sorokin without a rebound.
9:24 of 3rd period - Chris Kreider wins face-off versus Scott Laughton in Calgary Flames zone.
9:29 of 3rd period - Wrist shot by Warren Foegele.
9:29 of 3rd period - Shot Blocked by Cale Makar.
9:31 of 3rd period - Slapshot by Scott Laughton.
9:31 of 3rd period - Shot Misses the Net.
9:33 of 3rd period - Snap shot by Warren Foegele.
9:33 of 3rd period - Deflect By Scott Laughton.
9:33 of 3rd period - Goal by Scott Laughton - Calgary Flames : 7 - Toronto Maple Leafs : 3.
9:34 of 3rd period - J.T. Miller wins face-off versus Wyatt Johnston in neutral zone.
9:39 of 3rd period - Wrist shot by Nick Paul.
9:39 of 3rd period - Shot Misses the Net.
10:11 of 3rd period - Snap shot by Zach Hyman.
10:11 of 3rd period - Stopped by Matt Murray with a rebound.
10:13 of 3rd period - Slapshot by Drew Doughty.
10:13 of 3rd period - Shot Blocked by Cody Ceci.
11:11 of 3rd period - Penalty to Aaron Ekblad is over, Aaron Ekblad is back on ice.
11:42 of 3rd period - Evan Rodrigues is hit by Aaron Ekblad.
11:46 of 3rd period - Quinton Byfield is hit by Pavel Zacha and loses puck.
12:27 of 3rd period - Bo Horvat is hit by Brandon Saad and loses puck.
13:18 of 3rd period - Snap shot by Wyatt Johnston.
13:18 of 3rd period - Stopped by Ilya Sorokin without a rebound.
13:19 of 3rd period - J.T. Miller wins face-off versus Wyatt Johnston in Calgary Flames zone.
13:19 of 3rd period - J.T. Miller is hit by Aaron Ekblad.
13:27 of 3rd period - Snap shot by Chris Kreider.
13:27 of 3rd period - Shot Misses the Net.
14:06 of 3rd period - Snap shot by Pavel Zacha.
14:06 of 3rd period - Stopped by Matt Murray with a rebound.
14:21 of 3rd period - Off-side.
14:22 of 3rd period - Nicolas Roy wins face-off versus Nic Dowd in neutral zone.
14:29 of 3rd period - Slapshot by Cody Ceci.
14:29 of 3rd period - Deflect By Nicolas Roy.
14:29 of 3rd period - Stopped by Ilya Sorokin without a rebound.
14:30 of 3rd period - Bo Horvat wins face-off versus Wyatt Johnston in Calgary Flames zone.
15:38 of 3rd period - Snap shot by Quinton Byfield.
15:38 of 3rd period - Shot Misses the Net.
15:40 of 3rd period - Slapshot by Ryan Pulock.
15:40 of 3rd period - Shot Misses the Net.
15:42 of 3rd period - Slapshot by Mario Ferraro.
15:42 of 3rd period - Stopped by Ilya Sorokin with a rebound.
15:44 of 3rd period - Wrist shot by Quinton Byfield.
15:44 of 3rd period - Stopped by Ilya Sorokin with a rebound.
15:46 of 3rd period - Snap shot by Quinton Byfield.
15:46 of 3rd period - Stopped by Ilya Sorokin with a rebound.
15:48 of 3rd period - Slapshot by Ryan Pulock.
15:48 of 3rd period - Stopped by Ilya Sorokin without a rebound.
15:49 of 3rd period - Wyatt Johnston wins face-off versus Bo Horvat in Calgary Flames zone.
16:58 of 3rd period - Snap shot by Nic Dowd.
16:58 of 3rd period - Deflect By Troy Terry.
16:58 of 3rd period - Shot Misses the Net.
16:58 of 3rd period - Puck is out of play.
16:59 of 3rd period - Wyatt Johnston wins face-off versus Nic Dowd in Toronto Maple Leafs zone.
16:59 of 3rd period - Wyatt Johnston is hit by Nic Dowd.
17:27 of 3rd period - Snap shot by Mathieu Joseph.
17:27 of 3rd period - Shot Misses the Net.
17:29 of 3rd period - Snap shot by Filip Hronek.
17:29 of 3rd period - Stopped by Matt Murray without a rebound.
17:30 of 3rd period - Scott Laughton wins face-off versus Bo Horvat in Toronto Maple Leafs zone.
18:15 of 3rd period - Aaron Ekblad is hit by Sebastian Aho and loses puck.
18:20 of 3rd period - Wrist shot by Sebastian Aho.
18:20 of 3rd period - Shot Misses the Net.
18:22 of 3rd period - Slapshot by Cale Makar.
18:22 of 3rd period - Stopped by Matt Murray with a rebound.
18:24 of 3rd period - Snap shot by Bo Horvat.
18:24 of 3rd period - Shot Misses the Net.
18:26 of 3rd period - Snap shot by Bo Horvat.
18:26 of 3rd period - Shot Blocked by Bowen Byram.
18:28 of 3rd period - Slapshot by Drew Doughty.
18:28 of 3rd period - Stopped by Matt Murray with a rebound.
18:30 of 3rd period - Slapshot by Cale Makar.
18:30 of 3rd period - Shot Misses the Net.
18:32 of 3rd period - Wrist shot by Sebastian Aho.
18:32 of 3rd period - Stopped by Matt Murray without a rebound.
18:33 of 3rd period - J.T. Miller wins face-off versus Wyatt Johnston in Toronto Maple Leafs zone.
18:34 of 3rd period - Wrist shot by Joel Eriksson Ek.
18:34 of 3rd period - Stopped by Matt Murray with a rebound.
18:59 of 3rd period - Warren Foegele is hit by Pavel Zacha and loses puck.
19:50 of 3rd period - Snap shot by Nic Dowd.
19:50 of 3rd period - Goal by Nic Dowd - Calgary Flames : 8 - Toronto Maple Leafs : 3.
19:51 of 3rd period - J.T. Miller wins face-off versus Wyatt Johnston in neutral zone.
Goals for this period are 3 for Calgary Flames vs 1 for Toronto Maple Leafs.
Shots for this period are 14 for Calgary Flames vs 11 for Toronto Maple Leafs.